[Event "*** Titled Tuesday Blitz"]
[Site "Chess.com"]
[Date "2020.10.27"]
[Round "4"]
[White "Joshukid"]
[Black "avantage_ru"]
[Result "1-0"]
[WhiteElo "2708"]
[BlackElo "2827"]
[TimeControl "180+1"]
[EndTime "10:34:08 PDT"]
[Termination "Joshukid won by resignation"]

1. Nf3 h6 2. c4 g5 3. g3 Bg7 4.
Bg2 c5 5. d4 cxd4 6. Nxd4 Nc6 7. Nxc6 bxc6 8. h4 Rb8 9. Nc3 Qa5 10. Qc2 Ba6 11. hxg5 hxg5 12. Rxh8 Bxh8 13. Bd2 Bg7 14. b3 Qe5 15. Rd1 Nf6 16. Be3 Ra8 17. Qd2 Ng4 18. Qxd7+ Kf8 19. Qd8+ 1-0

[Event "*** Titled Tuesday Blitz"]
[Site "Chess.com"]
[Date "2020.10.27"]
[Round "4"]
[White "MomchilPetkov"]
[Black "svilson23"]
[Result "1-0"]
[WhiteElo "2634"]
[BlackElo "2384"]
[TimeControl "180+1"]
[EndTime "10:34:21 PDT"]
[Termination "MomchilPetkov won by resignation"]

1. d4 d5 2. Bf4 e6 3. e3 Bd6 4. Bg3 Ne7 5. Nd2 Nf5 6. Bxd6 Nxd6 7. Bd3 b6 8. c3 c5 9. Ngf3 Bb7 10. Ne5 Nd7 11. Qg4 g6 12. h4 h5 13. Qg3 Nf5 14. Bxf5 exf5 15. Nxd7 Qxd7 16. Qe5+ 1-0

[Event "*** Titled Tuesday Blitz"]
[Site "Chess.com"]
[Date "2020.10.27"]
[Round "4"]
[White "silverback96"]
[Black "MartinMatthiesen"]
[Result "0-1"]
[WhiteElo "2220"]
[BlackElo "2422"]
[TimeControl "180+1"]
[EndTime "10:34:36 PDT"]
[Termination "MartinMatthiesen won by resignation"]

1. d4 Nf6 2. c4 g6 3. g3 Bg7 4.
Bg2 O-O 5. Nc3 d6 6. Nf3 Nbd7 7. O-O e5 8. e4 c6 9. h3 Qa5 10. Re1 exd4 11. Nxd4 Ne5 12. Bf1 Re8 13. f4 Ned7 14.
Qd3 Nc5 15. Qb1 Nfxe4 16. Nxe4 Qxe1 0-1

[Event "*** Titled Tuesday Blitz"]
[Site "Chess.com"]
[Date "2020.10.27"]
[Round "4"]
[White "blitzking1729"]
[Black "ega2006"]
[Result "1-0"]
[WhiteElo "2566"]
[BlackElo "2353"]
[TimeControl "180+1"]
[EndTime "10:34:45 PDT"]
[Termination "blitzking1729 won by resignation"]

1. d4 Nf6 2. Bg5 g6 3. Bxf6 exf6 4. e3 Bg7 5. g3 O-O 6. Bg2 d6 7. Ne2 c5 8. O-O Nc6 9. Nbc3 cxd4 10. Nxd4 f5 11.
Nce2 Bd7 12. c3 Rc8 13. Nb3 Be6 14. Nf4 Bc4 15. Re1 a5 16. Qd2 a4 17. Nd4 Nxd4 18.
exd4 Ba6 19. Nd5 Re8 20. Rxe8+ Qxe8 21. Re1 Qd7 22. Ne7+ Kh8 23. Nxc8 Qxc8 24. Qe3 Bb5 25. Qe7 1-0

[Event "*** Titled Tuesday Blitz"]
[Site "Chess.com"]
[Date "2020.10.27"]
[Round "4"]
[White "RobertoJBM"]
[Black "davigator"]
[Result "1-0"]
[WhiteElo "2791"]
[BlackElo "2383"]
[TimeControl "180+1"]
[EndTime "10:35:06 PDT"]
[Termination "RobertoJBM won by resignation"]

1. d4 Nf6 2. c4 e6 3. Nc3 Bb4 4.
Qc2 c5 5. dxc5 Nc6 6. Nf3 h6 7. a3 Bxc5 8. b4 Be7 9. Bb2 b6 10. Rc1 Bb7 11. e3 Rc8 12. Be2 a5 13. b5 Nb8 14.
O-O d6 15. Rfd1 Nbd7 16. e4 Qc7 17. Bd3 O-O 18. Qe2 Nc5 19. Bc2 Nfd7 20. Rd2 Rfd8 21. Rcd1 Ne5 22. Nxe5 dxe5 23. Rxd8+ Rxd8 24. Rxd8+ Bxd8 25. Nd1 Bg5 26. f3 Qd6 27. g3 g6 28. h4 Bf6 29.
Kf2 Bg7 30. Bc3 h5 31. Qd2 Kh7 32. Qxd6 1-0

[Event "*** Titled Tuesday Blitz"]
[Site "Chess.com"]
[Date "2020.10.27"]
[Round "4"]
[White "googlegoom"]
[Black "pfalcon1949"]
[Result "0-1"]
[WhiteElo "2380"]
[BlackElo "2020"]
[TimeControl "180+1"]
[EndTime "10:35:12 PDT"]
[Termination "pfalcon1949 won by resignation"]

1. Nf3 c5 2. b3 d6 3. Bb2 e5 4. e3 g6 5. d4 cxd4 6. exd4 e4 7. d5 Nf6 8. Nfd2 Bg7 9. Nxe4 O-O 10. Ng3 Re8+ 11. Be2 Qa5+ 12. Bc3 Qxd5 13. Qxd5 Nxd5 14.
Bf6 Nxf6 0-1

[Event "*** Titled Tuesday Blitz"]
[Site "Chess.com"]
[Date "2020.10.27"]
[Round "4"]
[White "DenLaz"]
[Black "mc4chess"]
[Result "1-0"]
[WhiteElo "2763"]
[BlackElo "2384"]
[TimeControl "180+1"]
[EndTime "10:35:14 PDT"]
[Termination "DenLaz won by resignation"]

1. d4 Nf6 2. Bf4 e6 3. e3 c5 4. Nd2 b6 5. Ngf3 Bb7 6. Bd3 cxd4 7. exd4 d6 8. O-O Nbd7 9. a4 a6 10. c3 Be7 11. Re1 O-O 12. h3 Re8 13. Qe2 Nf8 14. Bh2 Ng6 15. Ne4 Nxe4 16. Bxe4 Bxe4 17. Qxe4 d5 18. Qd3 Bd6 19. Bxd6 Qxd6 20. g3 Reb8 21.
h4 b5 22. axb5 Rxb5 23. Qxb5 axb5 24. Rxa8+ Nf8 25. Rea1 g6 26. Ne5 f6 27. Ng4 f5 28. Ne5 b4 29. R1a7 1-0

[Event "*** Titled Tuesday Blitz"]
[Site "Chess.com"]
[Date "2020.10.27"]
[Round "4"]
[White "FMOlexandrProhorov"]
[Black "KacperPolOK"]
[Result "0-1"]
[WhiteElo "2117"]
[BlackElo "2403"]
[TimeControl "180+1"]
[EndTime "10:35:45 PDT"]
[Termination "KacperPolOK won by resignation"]

1. e4 c5 2. c3 d6 3. d4 Nf6 4. Bd3 g6 5. Ne2 Bg7 6. O-O O-O 7. h3 Nc6 8. Be3 cxd4 9. cxd4 Nb4 10. Nbc3 Nxd3 11.
Qxd3 Be6 12. Rac1 Rc8 13. d5 Bd7 14. Nd4 a6 15. b4 Nh5 16. g4 Nf6 17. f4 e6 18.
dxe6 fxe6 19. Bf2 Kh8 20. Bh4 Qb6 21. Kg2 Nxe4 22. Nxe4 Rxc1 23. Rxc1 Bxd4 24. Qxd4+ Qxd4 25. Bf6+ Rxf6 0-1

[Event "*** Titled Tuesday Blitz"]
[Site "Chess.com"]
[Date "2020.10.27"]
[Round "4"]
[White "Borsuk_Konstantin"]
[Black "ajian"]
[Result "1-0"]
[WhiteElo "2570"]
[BlackElo "2345"]
[TimeControl "180+1"]
[EndTime "10:35:58 PDT"]
[Termination "Borsuk_Konstantin won by resignation"]

1. d4 Nf6 2. c4 e6 3. Nc3 d5 4.
cxd5 exd5 5. Bg5 c6 6. e3 Be7 7. Bd3 O-O 8. Nge2 Nbd7 9. Qc2 Re8 10. f3 Nf8 11. Bh4 g6 12. O-O Ne6 13. Rad1 c5 14.
Bb5 Bd7 15. Bxd7 Qxd7 16. dxc5 Nxc5 17. Bxf6 Bxf6 18. Nxd5 Qc6 19. Nxf6+ Qxf6 20. Qxc5 Qxb2 21. Nf4 Qxa2 22. Nd5 Qb2 23. Rb1 Qe5 24. Rxb7 Rad8 25. Ne7+ Rxe7 26. Qxe7 Qxe7 27. Rxe7 Ra8 28. Ra1 a5 29.
Ra4 1-0

[Event "*** Titled Tuesday Blitz"]
[Site "Chess.com"]
[Date "2020.10.27"]
[Round "4"]
[White "IngOscarArdila"]
[Black "GjakanTati"]
[Result "0-1"]
[WhiteElo "2173"]
[BlackElo "2607"]
[TimeControl "180+1"]
[EndTime "10:36:03 PDT"]
[Termination "GjakanTati won by resignation"]

1. d4 Nf6 2. c4 g6 3. Nc3 Bg7 4.
e4 d6 5. Nf3 O-O 6. Be2 e5 7.
d5 a5 8. O-O Na6 9. Bg5 Qe8 10.
Qc2 Nh5 11. g3 Bh3 12. Rfe1 f5 13. Nh4 f4 14. Bxh5 gxh5 15. gxf4 h6 16. Qd3 Bd7 17. Qg3 hxg5 18. fxg5 Rf4 19. f3 Qf7 20. Ne2 Rxh4 21. Qxh4 Qxf3 22. Ng3 Rf8 23. Qxh5 Bg4 24. Rf1 Qe3+ 25.
Kg2 Bxh5 26. Nxh5 Qe2+ 27. Kg1 0-1

[Event "*** Titled Tuesday Blitz"]
[Site "Chess.com"]
[Date "2020.10.27"]
[Round "4"]
[White "indfraeng"]
[Black "Zmof"]
[Result "1-0"]
[WhiteElo "2357"]
[BlackElo "2188"]
[TimeControl "180+1"]
[EndTime "10:36:03 PDT"]
[Termination "indfraeng won by checkmate"]

1. d4 Nf6 2. c4 e6 3. g3 Bb4+ 4. Bd2 Qe7 5. Bg2 O-O 6. Nc3 d5 7. Nf3 b6 8. cxd5 exd5 9. O-O Bb7 10. Rc1 c5 11. Bg5 Nbd7 12. dxc5 Bxc3 13. c6 Bxc6 14.
Rxc3 Rac8 15. Nd4 Ba8 16. Re3 Qb4 17. Nf5 Ne4 18. Bxe4 dxe4 19. Ne7+ Kh8 20. Nxc8 Ne5 21. Be7 Qxb2 22. Bxf8 Nc4 23. Ba3 Qxa2 24. Qd8# 1-0

[Event "*** Titled Tuesday Blitz"]
[Site "Chess.com"]
[Date "2020.10.27"]
[Round "4"]
[White "katchesskat"]
[Black "ailime26"]
[Result "1-0"]
[WhiteElo "2236"]
[BlackElo "1889"]
[TimeControl "180+1"]
[EndTime "10:36:04 PDT"]
[Termination "katchesskat won by resignation"]

1. c4 e6 2. Nf3 d5 3. e3 Be7 4.
a3 Nf6 5. Qc2 O-O 6. b4 b6 7.
Bb2 Bb7 8. h4 c5 9. b5 Nbd7 10.
Nc3 e5 11. cxd5 Nxd5 12. Ne4 Qc7 13. Neg5 N7f6 14. Bxe5 Qd7 15. Bc4 a6 16. Bxd5 Bxd5 17. Bxf6 g6 18. Bb2 axb5 19. h5 Bxf3 20. hxg6 fxg6 21.
Qxg6+ 1-0

[Event "*** Titled Tuesday Blitz"]
[Site "Chess.com"]
[Date "2020.10.27"]
[Round "4"]
[White "Azerichess"]
[Black "swimmerchess"]
[Result "1-0"]
[WhiteElo "2991"]
[BlackElo "2801"]
[TimeControl "180+1"]
[EndTime "10:36:13 PDT"]
[Termination "Azerichess won by resignation"]

1. d4 Nf6 2. c4 e6 3. Nc3 Bb4 4. Qc2 d5 5. cxd5 exd5 6. Bg5 h6 7. Bh4 c5 8. dxc5 g5 9. Bg3 Nc6 10. e3 Ne4 11. Bd3 Nxg3 12. hxg3 d4 13. exd4 Qxd4 14.
Ne2 Qxc5 15. O-O-O Be6 16. Be4 Bxc3 17. Nxc3 Nb4 18. Qa4+ Kf8 19. Kb1 Kg7 20. a3 Nc6 21.
Bxc6 bxc6 22. Ne4 Qe5 23. f4 Qf5 24. Qd4+ f6 25. fxg5 hxg5 26. Rhf1 Rhg8 27. Rxf5 1-0

[Event "*** Titled Tuesday Blitz"]
[Site "Chess.com"]
[Date "2020.10.27"]
[Round "4"]
[White "babyking1205"]
[Black "Grandmaster2B"]
[Result "1-0"]
[WhiteElo "2664"]
[BlackElo "2485"]
[TimeControl "180+1"]
[EndTime "10:36:13 PDT"]
[Termination "babyking1205 won by resignation"]

1. e4 c5 2. Nc3 d6 3. Nf3 Nf6 4. d4 cxd4 5. Nxd4 a6 6. Be3 e5 7. Nb3 Be6 8. f3 h5 9. Qd2 Nbd7 10. O-O-O Rc8 11. h3 Qc7 12. Kb1 Nb6 13. Bxb6 Qxb6 14. Bd3 h4 15. f4 Be7 16. fxe5 dxe5 17. Rhf1 Rh6 18. Qg5 Rg6 19. Qxe5 Rxg2 20. Nd5 Bxd5 21. exd5 Qd6 22. Qf5 Rd8 23. Rde1 Qxd5 24. Qf4 Kf8 25.
Qxh4 Qg5 26. Qh8+ Ng8 27. Bh7 1-0

[Event "*** Titled Tuesday Blitz"]
[Site "Chess.com"]
[Date "2020.10.27"]
[Round "4"]
[White "S2PAc"]
[Black "Yashasd1995"]
[Result "1-0"]
[WhiteElo "2812"]
[BlackElo "2536"]
[TimeControl "180+1"]
[EndTime "10:36:14 PDT"]
[Termination "S2PAc won by resignation"]

1. d4 Nf6 2. g3 e6 3. Bg2 Be7 4. Nf3 O-O 5. O-O d5 6. c4 c6 7. Nc3 dxc4 8. Ne5 a5 9. Nxc4 b5 10. Ne5 Bb7 11. Nxb5 Qb6 12. Nc3 Rd8 13. Be3 Nd5 14.
Na4 Qb5 15. Bd2 Nd7 16. e4 Nxe5 17. exd5 Nc4 18. Nc3 Qxb2 19. dxc6 Bxc6 20. Bxc6 Rac8 21. d5 Nxd2 22. Na4 Qd4 23. Re1 exd5 24. Rxe7 Rxc6 25. Rb1 Rf6 26. Re2 h5 27. Rxd2 Qe4 28. Nc3 Qc4 29.
Nxd5 Rfd6 30. Ne7+ 1-0

[Event "*** Titled Tuesday Blitz"]
[Site "Chess.com"]
[Date "2020.10.27"]
[Round "4"]
[White "Chamal_Gedgafov"]
[Black "Tenamu"]
[Result "0-1"]
[WhiteElo "2163"]
[BlackElo "2407"]
[TimeControl "180+1"]
[EndTime "10:36:15 PDT"]
[Termination "Tenamu won by resignation"]

1. d4 Nf6 2. c4 e6 3. Nf3 c5 4. d5 exd5 5. cxd5 d6 6. Nc3 g6 7. Nd2 Bg7 8. Nc4 O-O 9. Bf4 Ne8 10. e4 a6 11. a4 Qe7 12. Bd3 f5 13. Qd2 fxe4 14. Nxe4 Bf5 15. O-O Bxe4 16. Rfe1 Nf6 17. f3 Nxd5 18. Rxe4 Qd7 19. Bxd6 Rd8 20. Bc2 Nb4 21. Bb3 Kh8 22. Re7 Qxe7 23. Bxe7 Rxd2 24. Nxd2 Bxb2 25. Rb1 Bd4+ 26. Kh1 N8c6 27. Ne4 b6 28. Rd1 Nxe7 0-1

[Event "*** Titled Tuesday Blitz"]
[Site "Chess.com"]
[Date "2020.10.27"]
[Round "4"]
[White "gilbert_gm"]
[Black "FairChess_on_YouTube"]
[Result "0-1"]
[WhiteElo "2586"]
[BlackElo "2971"]
[TimeControl "180+1"]
[EndTime "10:36:17 PDT"]
[Termination "FairChess_on_YouTube won by resignation"]

1. d4 d5 2. Nf3 Nf6 3. c4 c6 4. Nc3 a6 5. c5 g6 6. Bf4 Bg7 7. e3 O-O 8. Be2 Bg4 9. Ne5 Bxe2 10. Qxe2 Nbd7 11. O-O Nh5 12. b4 f6 13. Nxd7 Qxd7 14. Bg3 e5 15. Rad1 exd4 16. exd4 Rae8 17. Qf3 Nxg3 18.
hxg3 f5 19. Qd3 f4 20. Rfe1 fxg3 21. fxg3 Rxe1+ 22. Rxe1 Qg4 23. Ne2 Re8 24. Kf1 Qh5 25. Kg1 Re4 26. Kf2 g5 27. Qf3 g4 28. Qd3 Qf5+ 29.
Kg1 Bxd4+ 30. Qxd4 Rxd4 31. Nxd4 Qd3 32. Ne6 Qxg3 33.
Rf1 Qe3+ 0-1

[Event "*** Titled Tuesday Blitz"]
[Site "Chess.com"]
[Date "2020.10.27"]
[Round "4"]
[White "Skat2704"]
[Black "xamax2000"]
[Result "0-1"]
[WhiteElo "2460"]
[BlackElo "2664"]
[TimeControl "180+1"]
[EndTime "10:36:22 PDT"]
[Termination "xamax2000 won by resignation"]

1. d4 Nf6 2. c4 g6 3. Nc3 Bg7 4. e4 d6 5. Nf3 O-O 6. Be2 e5 7. dxe5 dxe5 8. Qxd8 Rxd8 9. Bg5 Re8 10. O-O c6 11. h3 Na6 12. Be3 Bf8 13. Nd2 Bc5 14.
Bxc5 Nxc5 15. f3 a5 16. Nb3 Ne6 17. Rfd1 a4 18. Nd2 Nh5 19. Bf1 Nd4 20. c5 Be6 21.
Bc4 Nf4 22. Bxe6 Nfxe6 23. Nc4 Nxc5 24. Rac1 f6 25. Kf2 b5 26. Ne3 Nce6 27. Nb1 Red8 28. Nc2 Rd6 29. Nb4 Rad8 30. Nc3 Kf7 31. Ne2 Nxe2 32. Kxe2 Nf4+ 0-1

[Event "*** Titled Tuesday Blitz"]
[Site "Chess.com"]
[Date "2020.10.27"]
[Round "4"]
[White "ChelsieMonica"]
[Black "xberli"]
[Result "0-1"]
[WhiteElo "2342"]
[BlackElo "2537"]
[TimeControl "180+1"]
[EndTime "10:36:22 PDT"]
[Termination "xberli won by resignation"]

1. c4 Nf6 2. Nc3 g6 3. d4 d5 4. Nf3 Bg7 5. e3 O-O 6. cxd5 Nxd5 7. Bd3 c5 8. O-O Nc6 9. Nxd5 Qxd5 10. e4 Qh5 11. d5 Ne5 12. Nxe5 Qxe5 13. Rb1 f5 14. exf5 Bxf5 15. Re1 Qxd5 16. Bxf5 Qxf5 17. Be3 Kh8 18. b3 b6 19. Qe2 Rad8 20. Rbd1 Bc3 21. Rf1 e5 22.
Qc4 Bd4 23. Bxd4 cxd4 24. f3 Rc8 25. Qa6 Rc2 26. Kh1 Qg5 27. Rg1 Rf7 28. Qb5 Kg7 29. a4 h5 30. Rxd4 Rc5 0-1

[Event "*** Titled Tuesday Blitz"]
[Site "Chess.com"]
[Date "2020.10.27"]
[Round "4"]
[White "Bodnar_Mykola"]
[Black "Evachess2006"]
[Result "1-0"]
[WhiteElo "2377"]
[BlackElo "1622"]
[TimeControl "180+1"]
[EndTime "10:36:22 PDT"]
[Termination "Bodnar_Mykola won on time"]

1. e4 e5 2. Nf3 Nc6 3. Bc4 Bc5 4. c3 d6 5. d4 exd4 6. cxd4 Bb6 7. Nc3 Nf6 8. h3 O-O 9. O-O Re8 10. Re1 Nxe4 11. Nxe4 d5 12. Bxd5 Bf5 13. Bxc6 bxc6 14. Ng3 Bg6 15.
Be3 Qd7 16. Qd2 Rad8 17. Ne5 Rxe5 18. dxe5 Qxd2 19. Bxd2 Rxd2 20. Rad1 Bxf2+ 21. Kf1 Bxe1 22. Kxe1 Rxd1+ 23. Kxd1 f6 24. exf6 gxf6 25. Kd2 Kf7 26. Ke3 f5 27. Kd4 Ke6 28. Ne2 Kd7 29. Kc5 Bf7 30.
Nf4 Bxa2 31. Nd3 Bb1 32. Ne5+ Ke6 33. Nxc6 Be4 34. Nd4+ Kf6 35. g3 Bg2 36. h4 Ke5 37. Ne2 Ke4 38. Nf4 Kf3 39. Nh5 Kg4 40. Nf6+ Kxg3 41.
Nxh7 1-0

[Event "*** Titled Tuesday Blitz"]
[Site "Chess.com"]
[Date "2020.10.27"]
[Round "4"]
[White "earling8018"]
[Black "Akhayan"]
[Result "0-1"]
[WhiteElo "2005"]
[BlackElo "2263"]
[TimeControl "180+1"]
[EndTime "10:36:28 PDT"]
[Termination "Akhayan won by resignation"]

1. d4 d5 2. c4 e6 3. Nc3 Nf6 4. Bg5 Be7 5. e3 O-O 6. Nf3 h6 7. Bf4 c5 8. cxd5 cxd4 9. Nxd4 Nxd5 10. Nxd5 exd5 11. Be2 Bb4+ 12. Kf1 Nc6 13. h4 Bd6 14. Bxd6 Qxd6 15. g3 Ne5 16. Kg2 Bd7 17. Bf3 Rac8 18. Qe2 a6 19. Rac1 Qf6 20. Bxd5 Bg4 21. f3 Bd7 22. Bxb7 Rb8 23. Be4 Rfe8 24. Bd5 Qd6 25. e4 Qb4 26. Qd2 Qxd2+ 0-1

[Event "*** Titled Tuesday Blitz"]
[Site "Chess.com"]
[Date "2020.10.27"]
[Round "4"]
[White "midedu"]
[Black "LogoCzar"]
[Result "1-0"]
[WhiteElo "2016"]
[BlackElo "2379"]
[TimeControl "180+1"]
[EndTime "10:36:32 PDT"]
[Termination "midedu won by resignation"]

1. e4 e5 2. Nf3 Nc6 3. Bc4 Nf6 4. d3 Bc5 5. c3 a6 6. O-O d6 7. a4 Ba7 8. Nbd2 O-O 9. Re1 Ng4 10. Re2 Kh8 11.
h3 f5 12. exf5 Nh6 13. g4 Nxf5 14.
gxf5 Bxf5 15. Kh2 Qf6 16. Bd5 Ne7 17. Be4 d5 18. Bxf5 Qxf5 19. Qg1 Ng6 20. Qg4 Qf6 21.
d4 e4 22. Ng1 Nf4 23. Re3 Rf7 24. f3 h5 25. Qg3 h4 26. Qg4 Ne6 27. Kh1 c5 28. fxe4 cxd4 29. Rf3 Qe7 30. Qh5+ Kg8 31.
Rxf7 Qxf7 32. Qxf7+ Kxf7 33. exd5 Nf4 34. Ndf3 Nd3 35.
cxd4 Rc8 36. Ne5+ Nxe5 37. dxe5 1-0

[Event "*** Titled Tuesday Blitz"]
[Site "Chess.com"]
[Date "2020.10.27"]
[Round "4"]
[White "oskariot"]
[Black "Beca95"]
[Result "0-1"]
[WhiteElo "2719"]
[BlackElo "2921"]
[TimeControl "180+1"]
[EndTime "10:36:42 PDT"]
[Termination "Beca95 won by resignation"]

1. e4 c5 2. Nf3 Nc6 3. b4 b6 4. bxc5 bxc5 5. Nc3 g6 6. Bb5 Bb7 7.
Rb1 Bg7 8. O-O Rb8 9. Ba3 d6 10. d4 Kf8 11. e5 Nxd4 12. Nxd4 cxd4 13. exd6 dxc3 14. dxe7+ Nxe7 15. Re1 Bf6 16. Qe2 Kg7 17.
Bxe7 Qxe7 18. Qxe7 Bxe7 19. Rxe7 Bc6 20. a4 a6 21. Rc7 Be8 22. Rc5 axb5 23. axb5 Rb6 24. Kf1 Bd7 25. Ke2 Rhb8 0-1

[Event "*** Titled Tuesday Blitz"]
[Site "Chess.com"]
[Date "2020.10.27"]
[Round "4"]
[White "oogee"]
[Black "shriyanasmallya"]
[Result "0-1"]
[WhiteElo "2179"]
[BlackElo "1678"]
[TimeControl "180+1"]
[EndTime "10:36:43 PDT"]
[Termination "shriyanasmallya won by checkmate"]

1. d4 d5 2. c4 e6 3. Nc3 Nf6 4. cxd5 Nxd5 5. e4 Nxc3 6. bxc3 Be7 7.
Nf3 O-O 8. Bd3 f5 9. exf5 exf5 10.
Qb3+ Kh8 11. Ne5 Qe8 12. O-O Nd7 13. Bf4 Nxe5 14. Bxe5 Bf6 15. Bxc7 Qc6 16. Qb4 Be6 17. Bf4 a5 18. Qa3 g5 19. Be5 Bxe5 20. dxe5 f4 21. Rfe1 f3 22. Qe7 Rf7 23. Qxg5 Rg8 24. Qh4 Rxg2+ 25. Kh1 Rfg7 26. Be4 Qxc3 27. Bxf3 Qxf3 28. Qd8+ Rg8 29. Qf6+ Qxf6 30. exf6 Bd5 31. h3 Rg1+ 32. Kh2 R8g2# 0-1

[Event "*** Titled Tuesday Blitz"]
[Site "Chess.com"]
[Date "2020.10.27"]
[Round "4"]
[White "Paladin61"]
[Black "BillCoe"]
[Result "1-0"]
[WhiteElo "2604"]
[BlackElo "2042"]
[TimeControl "180+1"]
[EndTime "10:36:45 PDT"]
[Termination "Paladin61 won by resignation"]

1. b3 e5 2. Bb2 d6 3. e3 f5 4. d4 e4 5. c4 Nf6 6. h4 Be7 7. Nc3 Be6 8. Nh3 h6 9. h5 Bf7 10. Nf4 Nc6 11. a3 Qd7 12. b4 Nd8 13. d5 c6 14. Be2 Qc7 15. O-O Nd7 16. Rc1 Ne5 17.
c5 Bf6 18. dxc6 dxc5 19. Ncd5 Bxd5 20. Nxd5 Qxc6 21. Bb5 1-0

[Event "*** Titled Tuesday Blitz"]
[Site "Chess.com"]
[Date "2020.10.27"]
[Round "4"]
[White "GMaka"]
[Black "Kazakov_Konstantin"]
[Result "1-0"]
[WhiteElo "2385"]
[BlackElo "2668"]
[TimeControl "180+1"]
[EndTime "10:36:45 PDT"]
[Termination "GMaka won by resignation"]

1. d4 Nf6 2. Bg5 Ne4 3. Bf4 d5 4. e3 c6 5. Bd3 Bf5 6. Nf3 Nd7 7.
O-O e6 8. c4 Be7 9. Nc3 Nxc3 10.
bxc3 Bg6 11. Rb1 b6 12. Bxg6 hxg6 13. Qa4 Qc8 14. cxd5 exd5 15. c4 dxc4 16. Qxc4 O-O 17. Rfc1 c5 18. d5 Re8 19. e4 Bf8 20. e5 a6 21. e6 Nf6 22. exf7+ Kxf7 23. Rxb6 Kg8 24. Rc6 Qg4 25. h3 Qf5 26. d6+ Kh8 27. Rxc5 Qe4 28. Qxe4 Rxe4 29. Rc8 Re8 30. Rxa8 Rxa8 31. Ne5 Kg8 32.
d7 1-0

[Event "*** Titled Tuesday Blitz"]
[Site "Chess.com"]
[Date "2020.10.27"]
[Round "4"]
[White "littleplotkin"]
[Black "WanderingPuppet"]
[Result "1-0"]
[WhiteElo "2696"]
[BlackElo "2500"]
[TimeControl "180+1"]
[EndTime "10:36:47 PDT"]
[Termination "littleplotkin won by resignation"]

1. e4 c5 2. d4 cxd4 3. c3 Nf6 4. e5 Nd5 5. Nf3 d6 6. cxd4 e6 7. Nc3 Nxc3 8. bxc3 Qc7 9. exd6 Bxd6 10. Bd2 b6 11.
Bb5+ Bd7 12. Bd3 Bc6 13. O-O Nd7 14. c4 Bb7 15. d5 e5 16. Re1 O-O-O 17. a4 a5 18. Rb1 g6 19. Ng5 Nc5 20. Be3 h6 21. Bxc5 Bxc5 22. Ne4 Rhe8 23. Nxc5 Qxc5 24. Rb5 Qc7 25.
Qb1 Rd6 26. Rc1 Kb8 27. c5 Rxd5 28. Rxb6 Re6 29. c6 1-0

[Event "*** Titled Tuesday Blitz"]
[Site "Chess.com"]
[Date "2020.10.27"]
[Round "4"]
[White "Mimsychess"]
[Black "BigAl"]
[Result "0-1"]
[WhiteElo "2315"]
[BlackElo "2476"]
[TimeControl "180+1"]
[EndTime "10:36:47 PDT"]
[Termination "BigAl won by resignation"]

1. e4 c6 2. Nc3 d5 3. Nf3 dxe4 4. Nxe4 Nf6 5. Qe2 Be6 6. Neg5 Bd5 7. c4 h6 8. Nh3 Bxf3 9. Qxf3 g5 10. Qb3 Qc7 11. d4 Nbd7 12. Be3 e6 13. O-O-O a5 14. f4 a4 15. Qc2 a3 16. b3 g4 17. Nf2 Bg7 18. Bd3 Rc8 19. h3 g3 20. Ne4 Nxe4 21. Bxe4 b5 22. f5 exf5 23. Bxf5 bxc4 24. Qxc4 O-O 25. Rhe1 Rce8 26. Bd2 Nb6 27. Qc5 Nd5 28. Rxe8 Rxe8 29.
Re1 Rxe1+ 30. Bxe1 Qf4+ 0-1

[Event "*** Titled Tuesday Blitz"]
[Site "Chess.com"]
[Date "2020.10.27"]
[Round "4"]
[White "PSvidler"]
[Black "topotun"]
[Result "1-0"]
[WhiteElo "2926"]
[BlackElo "2773"]
[TimeControl "180+1"]
[EndTime "10:36:53 PDT"]
[Termination "PSvidler won on time"]

1. e4 c5 2. Nf3 e6 3. d4 cxd4 4. Nxd4 Nc6 5. Nc3 Qc7 6. Be3 a6 7. Qf3 Nf6 8. O-O-O Nxd4 9. Bxd4 e5 10. Be3 d6 11. Bg5 Bg4 12. Nd5 Qc8 13. Nxf6+ gxf6 14.
Qxf6 Bxd1 15. Kxd1 Rg8 16. Be3 Qe6 17. Qxe6+ fxe6 18. Bc4 Kd7 19. g3 b5 20. Bb3 Be7 21.
h4 Rg4 22. Ke2 Rag8 23. Kd3 Rc8 24. c3 Bd8 25. a4 Kc6 26. Bxe6 1-0

[Event "*** Titled Tuesday Blitz"]
[Site "Chess.com"]
[Date "2020.10.27"]
[Round "4"]
[White "AniJak"]
[Black "MIJuanReyesRosa"]
[Result "1-0"]
[WhiteElo "2292"]
[BlackElo "2067"]
[TimeControl "180+1"]
[EndTime "10:36:53 PDT"]
[Termination "AniJak won by checkmate"]

1. e4 c5 2. Nc3 a6 3. g3 b5 4.
Bg2 Bb7 5. Nge2 e6 6. d4 cxd4 7. Nxd4 Qc7 8. a3 Nf6 9. O-O d6 10. h3 Be7 11. g4 O-O 12. g5 Nfd7 13. f4 Nc6 14. Be3 Nb6 15. b3 Nxd4 16. Bxd4 e5 17. Bxb6 Qxb6+ 18. Kh1 exf4 19. Nd5 Bxd5 20. Qxd5 Rac8 21.
g6 hxg6 22. Rxf4 Rxc2 23. Raf1 Bf6 24. R4f3 Rfc8 25. Rxf6 gxf6 26. Rxf6 Rc1+ 27. Bf1 Qc7 28. Rxg6+ Kh7 29. Qh5# 1-0

[Event "*** Titled Tuesday Blitz"]
[Site "Chess.com"]
[Date "2020.10.27"]
[Round "4"]
[White "Semen_Khanin"]
[Black "Sychev_Klementy"]
[Result "0-1"]
[WhiteElo "2755"]
[BlackElo "2865"]
[TimeControl "180+1"]
[EndTime "10:36:56 PDT"]
[Termination "Sychev_Klementy won by checkmate"]

1. e4 e6 2. d4 d5 3. e5 c5 4. c3 Qb6 5. Nf3 Nc6 6. a3 f6 7. Bd3 g6 8. O-O fxe5 9. dxe5 Bg7 10. Re1 Nh6 11. c4 O-O 12. Nc3 dxc4 13. Bxc4 Ng4 14.
Ng5 Ncxe5 15. Na4 Qc6 16. Bf1 Nxf2 17. Qc2 Neg4 18. Nf3 Rxf3 19. gxf3 Qxf3 20. Qxc5 Qh1# 0-1

[Event "*** Titled Tuesday Blitz"]
[Site "Chess.com"]
[Date "2020.10.27"]
[Round "4"]
[White "MustafayevFarid2004"]
[Black "annamaja"]
[Result "1-0"]
[WhiteElo "2471"]
[BlackElo "2297"]
[TimeControl "180+1"]
[EndTime "10:36:58 PDT"]
[Termination "MustafayevFarid2004 won on time"]

1. d4 d5 2. c4 c6 3. Nf3 Nf6 4. g3 e6 5. Bg2 Nbd7 6. O-O Bd6 7. Nc3 O-O 8. Qd3 dxc4 9. Qxc4 e5 10. Rd1 Nb6 11. Qb3 exd4 12. Nxd4 Qc7 13. Ndb5 cxb5 14. Nxb5 Qe7 15. Nxd6 Qxe2 16. Bg5 Be6 17. Qc3 Ng4 18. Qd4 h6 19. Be7 Rfe8 20. Nxe8 Rxe8 21. Re1 Qb5 22. Bc5 Na4 23. Ba3 Qh5 24. h3 Nxf2 25. Qxf2 1-0

[Event "*** Titled Tuesday Blitz"]
[Site "Chess.com"]
[Date "2020.10.27"]
[Round "4"]
[White "m-garcett"]
[Black "LileKoridze"]
[Result "1-0"]
[WhiteElo "2072"]
[BlackElo "2381"]
[TimeControl "180+1"]
[EndTime "10:37:03 PDT"]
[Termination "m-garcett won by resignation"]

1. e4 c5 2. Nf3 d6 3. d4 cxd4 4. Nxd4 Nf6 5. Nc3 Nc6 6. Bc4 e6 7. Bb3 Be7 8. O-O O-O 9. Be3 a6 10. f4 Qc7 11. Kh1 b5 12. f5 Nxd4 13. Bxd4 exf5 14.
exf5 Bb7 15. Bxf6 Bxf6 16. Nd5 Bxd5 17. Bxd5 Rae8 18. c3 Re5 19. Qf3 Rfe8 20. Rad1 Re2 21. Rf2 Re1+ 22. Rxe1 Rxe1+ 23. Rf1 Qe7 24. g3 h6 25. Rxe1 Qxe1+ 26. Kg2 Qd2+ 27. Kh3 Qxb2 28. Qh5 Kh7 29. Qxf7 1-0